 Dungeon Crawl Stone Soup version 0.20.2-3-g29329e0561 (webtiles) character file.

1778 Alfie the Cutter (level 9, -2/75 HPs)
             Began as a Hill Orc Fighter on Nov 29, 2023.
             Slain by a hound (3 damage)
             ... on level 7 of the Dungeon.
             The game lasted 00:14:50 (5443 turns).

Alfie the Cutter (Hill Orc Fighter)                 Turns: 5443, Time: 00:14:51

Health: -2/75      AC:  0    Str: 22    XL:     9   Next: 8%
Magic:  9/9        EV:  9    Int:  8    God:
Gold:   344        SH: 10    Dex: 10    Spells: 8/8 levels left

rFire    . . .     SeeInvis .   a - +0 rapier
rCold    . . .     Gourm    .   c - +0 shield
rNeg     . . .     Faith    .   b - +0 scale mail
rPois    .         Spirit   .   (no helmet)
rElec    .         Reflect  .   n - +1 cloak
rCorr    .         Harm     .   m - +0 pair of gloves
MR       .....                  (no boots)
Stlth    ..........             (no amulet)
Regen    0.3/turn               (no ring)
MPRegen  0.2/turn               (no ring)

@: lethally poisoned (-2 -> -5), corroded, flying
A: no striking features
a: no special abilities


You were on level 7 of the Dungeon.
You were not hungry.

You visited 1 branch of the dungeon, and saw 7 of its levels.
You also visited: Sewer.

You collected 344 gold pieces.

Inventory:

Hand Weapons
 a - a +0 rapier (weapon)
Missiles
 s - 4 tomahawks (quivered)
Armour
 b - a +0 scale mail (worn)
 c - a +0 shield (worn)
 m - a +0 pair of gloves (worn)
 n - a +1 cloak (worn)
Jewellery
 h - a +4 ring of strength {unknown}
 u - an uncursed ring of see invisible {unknown}
 w - an uncursed ring of protection from magic {unknown}
 x - an uncursed amulet of regeneration {unknown}
Wands
 r - a wand of random effects (32/48)
 y - a wand of polymorph (5/24)
 H - a wand of confusion (17/48)
Scrolls
 e - a scroll of noise
 g - a scroll of recharging {unknown}
 k - a scroll of fear
 l - 3 scrolls of identify {unknown}
 p - 2 scrolls of remove curse
 q - a scroll of blinking {unknown}
 t - a scroll of fog
 v - 2 scrolls of teleportation
 C - a scroll of enchant weapon {unknown}
 F - a scroll of immolation {unknown}
Potions
 f - 2 potions of curing {unknown}
 i - a potion of cancellation {unknown}
 j - 2 potions of brilliance {unknown}
 o - a potion of flight
 z - a potion of resistance {unknown}
 A - 2 potions of mutation {unknown}
 B - 2 potions of berserk rage {unknown}
 E - 2 potions of agility {unknown}
 G - a potion of lignification {unknown}
Comestibles
 d - a bread ration
 D - 2 royal jellies


   Skills:
 + Level 5.9 Fighting
 + Level 7.1 Short Blades
 + Level 6.5 Armour
 + Level 2.2 Dodging
 + Level 0.3 Stealth
 + Level 6.8 Shields


You had 8 spell levels left.
You didn't know any spells.

Dungeon Overview and Level Annotations

Branches:
Dungeon (7/15)             Temple (0/1) D:4

Altars:
Qazlal
Ru
Xom
Beogh

Shops:
D:6 }


Message History

You feel sick. The adder bites you.
* * * LOW HITPOINT WARNING * * *
You are lethally poisoned!
The adder poisons you! The hound closely misses you.
You hit the adder but do no damage.
The adder is heavily wounded.
You block the hound's attack. The adder barely misses you.
You hit the adder but do no damage.
The adder is heavily wounded.
* * * LOW HITPOINT WARNING * * *
You feel sick. The hound closely misses you. The adder misses you.
You block the hound's attack.
You miss the adder.
The adder is heavily wounded.
You block the adder's attack. You block the hound's attack.
You barely miss the adder.
The adder is heavily wounded.
* * * LOW HITPOINT WARNING * * *
You feel sick. You block the adder's attack. The hound bites you.
You die...

#... ##ยง#
##.............. #.#
#####.# ###............
........# #............
........## #............
.........######.##........
................. ........
..........................
...........#### ...#####
.........@S.#### .......
........h......# ###....
........#.........).#.....
.#.......)................
###...##...............##
...## #......##.###.....
#### #........ ........
#.................
#.................


You could see a hound and an adder.

Vanquished Creatures
  The ghost of Alfie the Cutter, a novice HOFi (D:5)
  Duvessa (D:5)
  2 sky beasts
  5 big kobolds
  Dowan (D:5)
  A scorpion (D:4)
  A centaur skeleton (D:7)
  2 hounds
  2 orc priests
  A jelly (D:7)
  4 iguanas
  A bullfrog skeleton (D:6)
  5 orc wizards
  A worker ant (D:3)
  A hound skeleton (D:4)
  A worker ant zombie (D:5)
  2 river rats
  4 adders
  2 oozes (Sewer)
  An adder zombie (D:6)
  8 worms
  A dart slug (D:1)
  6 leopard geckos
  15 orcs
  8 bats
  10 giant cockroaches
  5 goblins
  9 hobgoblins
  14 jackals
  5 ball pythons
  6 frilled lizards
  20 kobolds
  17 rats
163 creatures vanquished.

Vanquished Creatures (others)
  A jackal (D:6)
1 creature vanquished.

Grand Total: 164 creatures vanquished

Notes
Turn   | Place    | Note
-------+----------+-------------------------------------------
     0 | D:1      | Alfie the Hill Orc Fighter began the quest for the Orb.
     0 | D:1      | Reached XP level 1. HP: 19/19 MP: 1/1
   272 | D:1      | Reached XP level 2. HP: 24/27 MP: 2/2
   728 | D:1      | Reached XP level 3. HP: 33/33 MP: 3/3
  1680 | D:2      | Reached XP level 4. HP: 39/40 MP: 4/4
  1744 | D:2      | You fall through a shaft for 2 floors!
  1889 | D:4      | Found a glowing drain.
  1893 | Sewer    | Entered a sewer
  2059 | Sewer    | Noticed a big kobold
  2099 | Sewer    | Killed a big kobold
  2099 | Sewer    | Reached skill level 3 in Short Blades
  2099 | Sewer    | Reached skill level 1 in Dodging
  2099 | Sewer    | Reached XP level 5. HP: 30/46 MP: 5/5
  2106 | Sewer    | Noticed a big kobold
  2137 | Sewer    | Killed a big kobold
  2137 | Sewer    | Reached XP level 6. HP: 22/52 MP: 6/6
  2180 | Sewer    | Reached skill level 4 in Short Blades
  2534 | D:4      | Reached skill level 5 in Shields
  2543 | D:4      | Reached XP level 7. HP: 36/60 MP: 7/7
  2666 | D:4      | Reached skill level 5 in Armour
  2677 | D:4      | Found a staircase to the Ecumenical Temple.
  2760 | D:4      | Reached skill level 5 in Short Blades
  3524 | D:3      | Found a roughly hewn altar of Beogh.
  3541 | D:3      | Reached skill level 5 in Fighting
  3877 | D:5      | Entered Level 5 of the Dungeon
  3894 | D:5      | Noticed Alfie's ghost (novice HOFi)
  3915 | D:5      | Killed Alfie's ghost
  3915 | D:5      | Reached skill level 6 in Short Blades
  3915 | D:5      | Reached XP level 8. HP: 43/68 MP: 8/8
  4118 | D:5      | Noticed Duvessa
  4124 | D:5      | Noticed Dowan
  4129 | D:5      | Killed Duvessa
  4151 | D:5      | Killed Dowan
  4395 | D:5      | Found a shimmering altar of Xom.
  4702 | D:6      | Found Ogipniga's Gadget Boutique.
  4945 | D:6      | Found a stormy altar of Qazlal.
  5161 | D:6      | HP: 3/70 [something/puff of flame (11)]
  5226 | D:7      | Found a sacrificial altar of Ru.
  5240 | D:7      | Reached XP level 9. HP: 33/75 MP: 9/9
  5369 | D:7      | Reached skill level 7 in Short Blades
  5439 | D:7      | HP: 2/75 [adder (3)]
  5443 | D:7      | Slain by a hound

Skill      XL: |  1  2  3  4  5  6  7  8  9 |
---------------+----------------------------+-----
Fighting       | 4 5 |  5.9
Shields        | 4 5 6 |  6.8
Short Blades   | 3 4 6 7 |  7.1
Armour         | 4 5 6 |  6.5
Dodging        | 1 2 |  2.2
Stealth        | |  0.3

Action                   |  1- 3 |  4- 6 |  7- 9 || total
-------------------------+-------+-------+-------++-------
Melee: Rapier            |   145 |   274 |   455 ||   874
Throw: Tomahawk          |       |       |     2 ||     2
  Use: Scroll            |       |     1 |     6 ||     7
       Potion            |       |       |     5 ||     5
  Eat: Bread ration      |     1 |       |     2 ||     3
       Chunk             |     1 |       |       ||     1
       Royal jelly       |       |       |     1 ||     1
       Fruit             |       |       |     4 ||     4
Armor: Scale mail        |    62 |    74 |   169 ||   305
Dodge: Dodged            |    42 |    66 |   141 ||   249
Block: Shield            |    71 |   102 |   236 ||   409
